 Dungeon Crawl Stone Soup version 0.24.0-5-g267a8d59f4 (webtiles) character file.

Game seed: 17277901534635302129, levelgen mode: deterministic

154 wullow the Sneak (level 5, -1/46 HPs)
             Began as a Naga Wanderer on Nov 1, 2019.
             Killed from afar by a howler monkey (14 damage)
             ... with an exploding inner flame
             ... hexed by the player character
             ... on level 4 of the Dungeon.
             The game lasted 00:08:56 (2656 turns).

wullow the Sneak (Naga Wanderer)                    Turns: 2656, Time: 00:08:57

Health: -1/46      AC:  5    Str: 19    XL:     5   Next: 35%
Magic:  5/5        EV:  9    Int:  9    God:
Gold:   142        SH:  4    Dex: 10    Spells: 4/4 levels left

rFire    + . .     SeeInvis +   k - +0 war axe
rCold    . . .     Gourm    .   d - +0 buckler
rNeg     . . .     Faith    .   w - +1 ring mail {rF+}
rPois    +         Spirit   .   (no helmet)
rElec    .         Reflect  .   (no cloak)
rCorr    .         Harm     .   (no gloves)
MR       .....                  (no barding)
Stlth    ++........             (no amulet)
HPRegen  0.15/turn              (no ring)
MPRegen  0.09/turn              (no ring)

@: very slightly contaminated, very slow
A: large, see invisible, deformed body, poison resistance, slowness 2, slow
metabolism 1, spit poison 1, AC +1
a: Spit Poison


You were on level 4 of the Dungeon.
You were not hungry.

You visited 1 branch of the dungeon, and saw 4 of its levels.

You collected 142 gold pieces.

Inventory:

Hand Weapons
 a - a +2 dagger
 c - a +0 short sword
 k - a +0 war axe (weapon)
 q - a +0 rapier
Missiles
 h - 128 stones (quivered)
 j - 34 arrows
 p - 5 javelins
Armour
 d - a +0 buckler (worn)
 w - a +1 ring mail of fire resistance (worn)
Jewellery
 i - an uncursed amulet of magic regeneration {unknown}
Wands
 e - a wand of iceblast (9)
 t - a wand of flame (17)
Scrolls
 g - 2 scrolls of identify
 m - a scroll of magic mapping
 s - a scroll of enchant armour
Potions
 n - 2 potions of curing
 r - a potion of might {unknown}
 u - a potion of ambrosia {unknown}
Comestibles
 f - 5 rations
 v - 5 chunks of flesh


   Skills:
 * Level 2.4 Fighting
 * Level 1.6(2.1) Axes
   Level 2.0(2.4) Polearms
   Level 1.0(1.6) Staves
 * Level 0.7 Armour
 - Level 1.5 Dodging
 + Level 5.5 Stealth
 - Level 2.4 Shields
 + Level 0.2 Spellcasting
 + Level 0.5 Evocations


You had 4 spell levels left.
You didn't know any spells.
Your spell library contained the following spells:

 Spells                   Type           Power        Failure   Level  Hunger
 Corpse Rot               Necr           N/A          71%         2    ###....
 Stone Arrow              Conj/Erth      #.....       91%         3    ####...
 Leda's Liquefaction      Hex/Erth       #.........   100%        4    #####..
 Summon Forest            Summ/Tloc      #.........   100%        5    ######.
 Hydra Form               Tmut           #.........   100%        6    #######
 Summon Hydra             Summ           #.........   100%        7    #######


Dungeon Overview and Level Annotations

Branches:
Dungeon (4/15)
 Temple: D:4-7

Altars:

Annotations:
D:4 Blork the orc


Innate Abilities, Weirdness & Mutations

You cannot wear boots.
Your serpentine skin is tough. (AC +1)
You have supernaturally acute eyesight. (SInv)
Armour fits poorly on your strangely shaped body.
Your system is resistant to poisons. (rPois)
You cover ground very slowly.
You have a slow metabolism.
You can spit poison.


Message History

The howler monkey hits you but does no damage.
You hear a shout!
Blork the orc closely misses you. Blork the orc casts a spell at you.
The puff of frost misses you. The howler monkey hits you.
Blork the orc points at you and mumbles some strange words.
The puff of frost hits you!
* * * LOW HITPOINT WARNING * * *
The howler monkey hoots and howls with incredible vigour!
You hear an angry hiss.
Press: ? - help, . - travel You can't see that place. [the floor.] Reduced exclusion size to a single square.
Blork the orc casts a spell.
Blork the orc seems to speed up.
You block the howler monkey's attack.
You hit the howler monkey.
The howler monkey explodes!
The fiery explosion engulfs you! You resist.
You die...

********** ######
****,,,,,,,,* #....#******
,,,*,,,,,.,,* #....#,,,,,*
,,,+,,,,,..,* #....#,,,,,*
*,,*,,,,,...######....#,,,,,*
*,,*,,,,*..#..!.......#,,,,,*
,,,*,,,,*.............##,,,,*
,,,+,,,,+,,+....§§§....#,,,,*
*,,*,,,,*,,#....@§.....#,,,,*
*,,*,,,,*,,##..###.o...#,,,,*
*,,*,,,,*,.......'.....+,,,,*
+,,*,,,,#........#.....#*****
*,,*,,,,+........#.....#
****,,,,#........+o....#
,,,,,,,,#........#.....#
,,,,,,,,#.....#..#.o...##
,,,,*####....##'###.....#


You could see Blork the orc (inner flame).

Vanquished Creatures
  A scorpion (D:3)
  4 adders
  An ooze (D:1)
  3 worms
  2 dart slugs (D:2)
  3 leopard geckos
  2 giant cockroaches
  6 goblins
  5 hobgoblins
  2 quokkas
  A ball python (D:4)
  2 bats (D:1)
  7 frilled lizards
  12 kobolds
  A quokka skeleton (D:3)
  7 rats
59 creatures vanquished.

Notes
Turn   | Place    | Note
-------+----------+-------------------------------------------
     0 | D:1      | wullow the Naga Wanderer began the quest for the Orb.
     0 | D:1      | wullow set off with the following items: a +2 dagger, a
                  | potion of heal wounds, a +0 short sword, a +0 buckler, a +0
                  | robe, a ration
     0 | D:1      | Reached XP level 1. HP: 18/18 MP: 1/1
   240 | D:1      | Reached XP level 2. HP: 12/25 MP: 2/2
   812 | D:1      | Reached XP level 3. HP: 29/31 MP: 3/3
   918 | D:1      | Reached skill level 5 in Stealth
  1589 | D:2      | Reached XP level 4. HP: 39/39 MP: 4/4
  1948 | D:3      | Reached skill level 1 in Axes
  2418 | D:3      | Reached XP level 5. HP: 33/46 MP: 5/5
  2611 | D:4      | Noticed Blork the orc
  2656 | D:4      | Killed from afar by a howler monkey

Levels and vault maps discovered:
D:1:      dpeg_arrival_lava_temple_mockup, layout_basic, item_on_display_a
D:2:      layout_basic
D:3:      layout_rooms
D:4:      layout_gridville, uniq_blork_the_orc, uniq_pikel

Skill      XL: |  1  2  3  4 |
---------------+-------------+-----
Stealth        | 5 |  5.5
Shields        | 2 |  2.4
Fighting       | 2 |  2.4
Axes           | 1 |  1.6
Polearms       | |  2.0
Staves         | |  1.0
Armour         | |  0.7
Dodging        | |  1.5
Spellcasting   | |  0.2
Evocations     | |  0.5

Action                   |  1- 3 |  4- 6 || total
-------------------------+-------+-------++-------
Melee: Dagger            |    56 |       ||    56
       War axe           |     4 |    60 ||    64
Throw: Stone             |     5 |       ||     5
 Abil: Spit Poison       |    17 |     7 ||    24
  Use: Scroll            |       |     5 ||     5
       Potion            |       |     1 ||     1
 Stab: Sleeping          |     4 |     3 ||     7
       Distracted        |       |     1 ||     1
  Eat: Chunk             |     2 |     3 ||     5
Armor: Robe              |     8 |     1 ||     9
       Ring mail         |       |    13 ||    13
Dodge: Dodged            |    28 |    27 ||    55
Block: Buckler           |     7 |     9 ||    16
